 Dungeon Crawl Stone Soup version 0.30-a0-879-ga8ba668304 (webtiles) character file.

Game seed: 1888790944629676952

8564 Iich the Cleaver (level 11, 0/92 HPs)
             Began as a Demonspawn Fighter on Mar 12, 2023.
             Slain by a hellwing (8 damage)
             ... summoned by a kobold demonologist
             ... in a bailey on Mar 13, 2023.
             The game lasted 00:22:31 (11182 turns).

Iich the Cleaver (Demonspawn Fighter)              Turns: 11182, Time: 00:22:31

Health: 0/92       AC: 16    Str: 24    XL:     11   Next: 11%
Magic:  20/20      EV:  6    Int:  9    God:
Gold:   1535       SH:  6    Dex: 22    Spells: 10/10 levels left

rFire   . . .      SeeInvis .    i - +3 broad axe (vamp)
rCold   x . .      Faith    .    c - +0 buckler
rNeg    . . .      Spirit   .    o - +1 plate armour {rPois}
rPois   +          Reflect  .    j - +1 hat of the Gastropod {Str+6}
rElec   +          Rampage  .    (no cloak)
rCorr   .                        (no gloves)
Will    .....                    F - +2 pair of boots Stlth
                                 (no amulet)
HPRegen 0.35/turn                E - ring of the Blue Mango {Fly rElec rPois rC- MP+9}
MPRegen 0.17/turn                J - +6 ring of dexterity

@: mighty, flying
A: demonic guardian 1, powered by pain 2, demonic touch 2, horns 1, MP-powered
wands
a: no special abilities


You were in a bailey.
You visited 2 branches of the dungeon, and saw 11 of its levels.
You also visited: Sewer and Bailey.

You collected 1605 gold pieces.
You spent 70 gold pieces at shops.

Inventory:

Hand Weapons
 i - a +3 vampiric broad axe (weapon)
 p - a +2 heavy war axe
Armour
 c - a +0 buckler (worn)
 j - the +1 hat of the Gastropod (worn) {Str+6}
   (You found it on level 2 of the Dungeon)

   Str:       It affects your strength (+6).
 n - a +0 chain mail
 o - a +1 plate armour of poison resistance (worn)
 F - a +2 pair of boots (worn)
 I - a scarf of shadows
Jewellery
 E - the ring of the Blue Mango (left hand) {Fly rElec rPois rC- MP+9}
   (You acquired it on level 8 of the Dungeon)

   [ring of flight]

   rC:        It makes you vulnerable to cold.
   rElec:     It insulates you from electricity.
   rPois:     It protects you from poison.
   MP:        It affects your magic capacity (+9).
   Fly:       It grants you flight.
 J - a +6 ring of dexterity (right hand)
Wands
 A - a wand of mindburst (9)
 D - a wand of charming (13)
 L - a wand of roots (4)
Scrolls
 e - a scroll of noise
 g - a scroll of fear
 k - 3 scrolls of poison
 m - a scroll of magic mapping
 r - a scroll of amnesia
 s - a scroll of fog
 t - 5 scrolls of teleportation
 v - a scroll of torment
 B - a scroll of blinking
 G - a scroll of silence
Potions
 b - a potion of mutation
 d - 2 potions of might
 f - 3 potions of brilliance
 h - a potion of haste
 q - 4 potions of curing
 u - a potion of cancellation
 x - a potion of magic {unknown}
 z - a potion of attraction
 C - a potion of invisibility
 H - a potion of flight {unknown}
 K - a potion of berserk rage {unknown}


   Skills:
 + Level 10.4 Fighting
 * Level 12.5 Axes
 - Level 3.8 Armour
 - Level 3.8 Shields


You had 10 spell levels left.
You didn't know any spells.
Your spell library contained the following spells:

 Spells                   Type           Power      Damage    Failure   Level
 Apportation              Tloc           0%         N/A       100%        1
 Foxfire                  Conj/Fire      0%         2x1d4     100%        1
 Slow                     Hex            0%         N/A       100%        1
 Ensorcelled Hibernation  Hex/Ice        0%         N/A       100%        2
 Passwall                 Tmut/Erth      0%         N/A       100%        2
 Confusing Touch          Hex            0%         N/A       100%        3
 Frozen Ramparts          Ice            0%         1d1       100%        3
 Hailstorm                Conj/Ice       0%         3d3       100%        3
 Inner Flame              Hex/Fire       0%         N/A       100%        3
 Swiftness                Air            0%         N/A       100%        3
 Vampiric Draining        Necr           0%         2d6       100%        3
 Cause Fear               Hex            0%         N/A       100%        4
 Ice Form                 Ice/Tmut       0%         N/A       100%        4
 Leda's Liquefaction      Hex/Erth       0%         N/A       100%        4
 Summon Ice Beast         Ice/Summ       0%         N/A       100%        4
 Alistair's Intoxication  Tmut/Pois      0%         N/A       100%        5
 Fireball                 Conj/Fire      0%         3d3       100%        5
 Lee's Rapid Deconstruct  Erth           0%         3d4*      100%        5
 Simulacrum               Ice/Necr       0%         N/A       100%        6
 Starburst                Conj/Fire      0%         6d3       100%        6
 Statue Form              Tmut/Erth      0%         N/A       100%        6
 Discord                  Hex            0%         N/A       100%        8


Dungeon Overview and Level Annotations

Branches:
Dungeon (10/15)            Temple (1/1) D:4            Lair (0/5) D:8
    Orc (0/2) D:9           Sewer (visited)          Bailey (1/1)

Altars:
Ashenzari
Cheibriados
Dithmenos
Fedhas
Hepliaklqana
Kikubaaqudgha
Makhleb
Nemelex Xobeh
Okawaru
Ru
Trog
Vehumet
Wu Jian
Xom
Yredelemnul

Shops:
D:2 *=


Innate Abilities, Weirdness & Mutations

A weak demonic guardian rushes to your aid.
You sometimes gain power by taking damage.
Your touch may inflict irresistible damage on your foes.
You have a pair of small horns on your head.
You expend magic power (3 MP) to strengthen your wands.


Message History

The ynoxinul is heavily wounded.
You slash the white imp!
You kill the white imp!
The white imp disappears in a puff of smoke!
The kobold demonologist gestures wildly while chanting.
You hit the ynoxinul but do no damage.
You headbutt the ynoxinul, but do no damage.
The ynoxinul is heavily wounded.
The ynoxinul barely misses you.
The kobold demonologist casts a cantrip, but nothing happens.
The hellwing swoops through the air toward you!
The hellwing barely misses you. You block the hellwing's attack.
You slice the ynoxinul!!
You kill the ynoxinul!
The ynoxinul disappears in a puff of smoke!
The ufetubus disappears in a puff of smoke! x2
You hit the hellwing but do no damage. The hellwing hits you.
The hellwing hits you but does no damage.
You block the ice devil's attack.
You hit the ice devil.
The ice devil is lightly wounded.
You hit the hellwing but do no damage. The hellwing hits you!
The hellwing hits you. The ice devil hits you. The ice devil freezes you!
You feel a terrible chill!
You focus on the pain.
You feel very mighty all of a sudden.
Unknown command.
You take 31 damage, and have 60/92 hp. !!!!--MASSIVE DAMAGE--!!!!
You slash the ice devil! Your headbutt misses the ice devil.
The ice devil is moderately wounded.
You hit the hellwing. The hellwing hits you! You block the hellwing's attack.
The ice devil hits you!
* * * LOW HITPOINT WARNING * * *
The ice devil freezes you!!
You feel a terrible chill!
* * * LOW HITPOINT WARNING * * *
A demonic guardian appears!
You take 53 damage, and have 7/92 hp. !!!!--MASSIVE DAMAGE--!!!!
You hit the ice devil but do no damage.
The ice devil is moderately wounded.
You hit the hellwing. The hellwing hits you!
You die...

≈≈≈≈≈#.'........∩.).).)..'.#~≈≈≈≈
≈≈≈≈≈###..######.######..###≈≈≈≈≈
≈≈≈≈≈#....#[[.#...#.))#....#≈≈≈≈≈
≈≈≈≈≈#....#[[.#...#.))#).))#≈≈≈≈≈
≈≈≈≈≈#'#'##+###8.8###+##)#'#≈≈≈≈≈
≈≈≈≈≈~.#..#,,,#...#,,,#..#.~≈≈≈≈≈
≈≈≈≈≈~.#..#**+#8.8#+**#..#.~≈≈≈≈≈
≈≈≈≈≈~.#..#,,,#4.4#,,,#..#.~≈≈≈≈≈
≈≈≈≈≈~.#..#,,,#)@.#,,,#..#.~≈≈≈≈≈
≈≈≈≈≈~.#..#+**##4##**+#..#.~≈≈≈≈≈
≈≈≈≈≈~.##)#,,,,.K§,,,,#'##.~≈≈≈≈≈
≈≈≈≈≈~.#).#,,,.._..,,,#))#.~≈≈≈≈≈
≈≈≈≈≈~.#.8#,,....§..,,#8.#.~≈≈≈≈≈
~~~~~~,#..#,.........,#..#.~≈≈≈≈≈
~~~~~~,#.8#############8.#.~≈≈≈≈≈
~~~~~~,#.....#######.....#.~≈≈≈≈≈
~~~~~~,#.8...#.....#...8.#.~≈≈≈≈≈


You could see a hellwing (summoned), an ice devil (summoned, ally target), a
kobold demonologist and a friendly hellwing (summoned).

Vanquished Creatures
  Erica (D:8)
  Pikel (D:9)
  A cyclops (D:9)
  A kobold demonologist (Bailey)
  Grinder (D:6)
  Prince Ribbit (D:6)
  Sigmund (D:6)
  A wraith (D:9)
  3 yaks (D:9)
  A steam dragon (D:9)
  Menkaure (D:4)
  Edmund (D:5)
  3 water moccasins
  2 sky beasts
  19 orc warriors
  2 ice beasts (D:5)
  A black bear (D:4)
  4 centaurs
  An ogre (D:5)
  A phantom (D:5)
  A lemure (D:9)
  3 bullfrogs
  5 kobold brigands
  A gnoll sergeant (D:9)
  2 scorpions
  5 killer bees (D:9)
  A howler monkey (D:5)
  4 electric eels (Bailey)
  7 orc priests
  4 hounds
  A jelly (D:6)
  2 gnoll boudas (D:5)
  4 orc wizards
  A sleepcap (D:6)
  Ijyb (D:5)
  An iguana (D:6)
  16 gnolls
  17 adders
  7 river rats
  An ufetubus (D:7)
  37 orcs
  4 bats
  9 endoplasms
  A giant cockroach (D:1)
  13 goblins
  15 hobgoblins
  10 jackals
  18 kobolds
  A quokka (D:3)
  19 ball pythons
  5 frilled lizards
  10 rats
273 creatures vanquished.

Vanquished Creatures (collateral kills)
  A steam dragon (D:8)
1 creature vanquished.

Vanquished Creatures (others)
  14 plants
14 creatures vanquished.

Grand Total: 288 creatures vanquished

Notes
Turn   | Place    | Note
-------+----------+-------------------------------------------
     0 | D:1      | Iich the Demonspawn Fighter began the quest for the Orb.
     0 | D:1      | Reached XP level 1. HP: 18/18 MP: 1/1
   111 | D:1      | Reached skill level 2 in Axes
   111 | D:1      | Gained mutation: You sometimes gain a little power by
                  | taking damage. [demonic ancestry]
   111 | D:1      | Reached XP level 2. HP: 19/24 MP: 2/2
   634 | D:2      | Reached XP level 3. HP: 26/29 MP: 3/3
   774 | D:2      | Identified the +3 hand axe "Wuolum" {pain, rElec rF+ Str+3}
  1111 | D:2      | Reached XP level 4. HP: 32/35 MP: 4/4
  1187 | D:2      | Found Week's General Store.
  1188 | D:2      | Identified the +1 hat of the Gastropod {Str+6}
  1202 | D:2      | Bought a potion of heal wounds for 50 gold pieces
  1202 | D:2      | Bought a scroll of identify for 20 gold pieces
  1303 | D:2      | Found Zery's Jewellery Shop.
  1958 | D:3      | Found a sacrificial altar of Ru.
  2018 | D:3      | Reached XP level 5. HP: 42/42 MP: 5/5
  2225 | D:4      | Noticed a black bear
  2233 | D:4      | Killed a black bear
  2234 | D:4      | Reached skill level 3 in Axes
  2354 | D:4      | Found a staircase to the Ecumenical Temple.
  2374 | Temple   | Entered the Ecumenical Temple
  2548 | D:4      | Reached XP level 6. HP: 31/48 MP: 6/6
  2699 | D:4      | Noticed Menkaure
  2704 | D:4      | Killed Menkaure
  2821 | D:4      | Reached skill level 4 in Axes
  2999 | D:4      | Gained mutation: Your touch may inflict minor irresistible
                  | damage on your foes. [demonic ancestry]
  2999 | D:4      | Reached XP level 7. HP: 47/55 MP: 7/7
  3103 | D:4      | Reached skill level 5 in Fighting
  3426 | D:5      | Entered Level 5 of the Dungeon
  3488 | D:5      | Reached skill level 5 in Axes
  3531 | D:5      | Noticed Ijyb
  3552 | D:5      | Killed Ijyb
  3763 | D:5      | Reached skill level 6 in Axes
  3892 | D:5      | Gained mutation: A weak demonic guardian rushes to your
                  | aid. [demonic ancestry]
  3892 | D:5      | Reached XP level 8. HP: 64/64 MP: 8/8
  3989 | D:5      | Noticed Edmund
  3991 | D:5      | Found a shadowy altar of Dithmenos.
  4001 | D:5      | Killed Edmund
  4124 | D:5      | Identified the +5 sling of Basocog {drain, rC+}
  4142 | D:5      | Found a basalt altar of Yredelemnul.
  4248 | D:5      | Noticed Blork the orc
  4261 | D:5      | Blork the orc changed into Blork the hound
  4261 | D:5      | Noticed Blork
  4267 | D:5      | Killed Blork the hound
  4515 | D:6      | Reached skill level 7 in Axes
  4683 | D:6      | Found a glowing drain.
  4689 | Sewer    | Entered a sewer
  5436 | D:6      | Gained mutation: You occasionally shout uncontrollably at
                  | your foes. [potion of mutation]
  5436 | D:6      | Gained mutation: Your mind is acute. (Int +4, Str/Dex -1)
                  | [potion of mutation]
  5477 | D:6      | Lost mutation: You occasionally shout uncontrollably at
                  | your foes. [potion of mutation]
  5477 | D:6      | Lost mutation: Your mind is acute. (Int +4, Str/Dex -1)
                  | [potion of mutation]
  5477 | D:6      | Gained mutation: You are weak. (Str -2) [potion of
                  | mutation]
  5477 | D:6      | Gained mutation: You have large cloven feet. [potion of
                  | mutation]
  5478 | D:6      | Lost mutation: You have large cloven feet. [potion of
                  | mutation]
  5478 | D:6      | Lost mutation: You are weak. (Str -2) [potion of mutation]
  5478 | D:6      | Gained mutation: You expend magic power (3 MP) to
                  | strengthen your wands. [potion of mutation]
  5478 | D:6      | Gained mutation: You have a pair of small horns on your
                  | head. [potion of mutation]
  5778 | D:6      | Reached skill level 8 in Axes
  5854 | D:6      | Noticed Maggie
  5855 | D:6      | Maggie changed into Maggie the sky beast
  5855 | D:6      | Noticed Maggie
  5864 | D:6      | Killed Maggie the sky beast
  5865 | D:6      | Reached XP level 9. HP: 65/72 MP: 6/9
  5952 | D:6      | Noticed Prince Ribbit
  5963 | D:6      | Killed Prince Ribbit
  6367 | D:6      | Noticed Grinder
  6383 | D:6      | Killed Grinder
  6566 | D:6      | Reached skill level 9 in Axes
  6813 | D:6      | Noticed Sigmund
  6825 | D:6      | Killed Sigmund
  7240 | D:7      | Identified the +7 sling of Truth {elec, Will+ Str-4 Int+6
                  | SInv}
  7613 | D:7      | Found an ancient bone altar of Kikubaaqudgha.
  7789 | D:8      | Noticed Erica
  7807 | D:8      | Killed Erica
  7808 | D:8      | Reached skill level 10 in Axes
  7965 | D:8      | Identified a scroll of acquirement
  7980 | D:8      | Gained mutation: Your touch may inflict irresistible damage
                  | on your foes. [demonic ancestry]
  7980 | D:8      | Reached XP level 10. HP: 43/82 MP: 10/10
  7994 | D:8      | Acquired the ring of the Blue Mango {Fly rElec rPois rC-
                  | MP+9}
  8669 | D:8      | Found a staircase to the Lair.
  8696 | D:9      | Noticed Pikel
  8711 | D:9      | Killed Pikel
  8712 | D:9      | Reached skill level 11 in Axes
  8904 | D:9      | Noticed a cyclops
  8907 | D:9      | Killed a cyclops
 10003 | D:9      | Reached skill level 10 in Fighting
 10003 | D:9      | Reached skill level 12 in Axes
 10178 | D:9      | Found a staircase to the Orcish Mines.
 10434 | D:10     | Entered Level 10 of the Dungeon
 10454 | D:10     | Found a flagged portal.
 10464 | Bailey   | Entered a bailey
 10663 | Bailey   | Noticed a rust devil
 10975 | Bailey   | Gained mutation: You sometimes gain power by taking damage.
                  | [demonic ancestry]
 10975 | Bailey   | Reached XP level 11. HP: 88/91 MP: 11/11
 10985 | Bailey   | Acquired 1093 gold pieces
 11159 | Bailey   | Found an iron altar of Okawaru.
 11163 | Bailey   | Noticed a sixfirhy
 11182 | Bailey   | Slain by a hellwing

Illustrated notes

Levels and vault maps discovered:
D:1:      dpeg_arrival_water_temple_mockup, layout_basic, st_stairs_2,
          solitary_fountain, minmay_misc_feat_roman, minmay_tetromino_t4
D:2:      layout_loops_cross, serial_shops, shop, nicolae_shop_stone
D:3:      layout_loops_ring, nicolae_ru_path_of_blood, mrwooster_statue_mirror
D:4:      layout_loops_corners, minmay_temple_entry_overgrown, uniq_menkaure
D:5:      layout_gridville, mainiacjoe_overflow_catch_the_wave,
          saegor_snake_ambush, uniq_ijyb, uniq_blork_the_orc, uniq_edmund
D:6:      layout_loops_corners, lightli_sewer_entry_pipes,
          minmay_tree_intersection, uniq_maggie, uniq_sigmund, uniq_grinder,
          uniq_prince_ribbit1
D:7:      layout_basic, kennysheep_mini
D:8:      layout_basic, lair_entry_dummy, uniq_erica
D:9:      layout_gridville, david_orc_3, minmay_sticks_and_stones, uniq_pikel
D:10:     minmay_separated_statues, layout_gridville,
          mainiacjoe_overflow_alcove_3, enter_bailey_3
Temple:   nicolae_temple_two_arcs
Bailey:   bailey_axe_of_yendor_kennysheep, bailey

Skill      XL: |  1  2  3  4  5  6  7  8  9 10 |
---------------+-------------------------------+-----
Axes           | 2 3 4 6 8 10 12 | 12.5
Shields        | 3 |  3.8
Armour         | 3 |  3.8
Fighting       | 4 5 7 8 10 | 10.4

Action                     |  1- 3 |  4- 6 |  7- 9 | 10-12 || total
---------------------------+-------+-------+-------+-------++-------
  Melee: War axe           |    74 |    99 |   397 |   191 ||   761
         Hand axe          |    22 |    20 |       |       ||    42
         Unarmed           |       |       |    19 |       ||    19
         Headbutt          |       |       |    30 |    78 ||   108
         Broad axe         |       |       |       |    85 ||    85
  Evoke: Wand              |       |       |     8 |     5 ||    13
    Use: Scroll            |     2 |     5 |     4 |    11 ||    22
         Potion            |     2 |       |    12 |     3 ||    17
 Armour: Scale mail        |    14 |       |       |       ||    14
         Chain mail        |    55 |    85 |       |       ||   140
         Plate armour      |       |     5 |   285 |   150 ||   440
         Skin              |       |       |     8 |       ||     8
  Dodge: Dodged            |    36 |    53 |   134 |    86 ||   309
  Block: Buckler           |    27 |    25 |   101 |    81 ||   234

Table legend: (Time is in decaauts)
 A = Elapsed time spent in this place.
 B = Non-inter-level travel time spent in this place.
 C = Inter-level travel time spent in this place.
 D = Time resting spent in this place.
 E = Time spent auto-exploring this place.
 F = Levels seen in this place.
 G = Mean time per level.
                   A        B        C        D        E       F      G
               +--------+--------+--------+--------+--------+-----+--------+
         Total |  11529 |  11315 |    214 |   1004 |   8155 |  13 |  886.8 |
       Dungeon |   9833 |   9619 |    214 |    749 |   7135 |  10 |  983.3 |
        Temple |    143 |    143 |      0 |      0 |     96 |   1 |  143.0 |
         Sewer |    835 |    835 |      0 |      0 |    644 |   1 |  835.0 |
        Bailey |    716 |    716 |      0 |    255 |    279 |   1 |  716.0 |
               +--------+--------+--------+--------+--------+-----+--------+

Top non-repeatable levels by time:
     D:6: 1751 daAuts
     D:8: 1528 daAuts
     D:4: 1237 daAuts
     D:9: 1167 daAuts
     D:5: 1072 daAuts
     D:7: 856 daAuts
   Sewer: 835 daAuts
     D:2: 823 daAuts
     D:3: 717 daAuts
  Bailey: 716 daAuts
     D:1: 649 daAuts
  Temple: 143 daAuts
    D:10: 29 daAuts
